 Dungeon Crawl Stone Soup version 0.32-a0-450-g080537f31e (webtiles) character file.

Game seed: 14122306237166359669

13295 CougarLife the Geomancer (level 12, -3/59 HPs)
             Began as a Gargoyle Earth Elementalist on Feb 24, 2024.
             Was an Initiate of Gozag.
             Slain by a centaur warrior
             ... wielding a +0 dagger
              (4 damage)
             ... on level 11 of the Dungeon.
             The game lasted 00:16:14 (10659 turns).

CougarLife the Geomancer (GrEE)                    Turns: 10659, Time: 00:16:14

Health: -3/59      AC: 15    Str: 15    XL:     12   Next: 4%
Magic:  16/35      EV: 11    Int: 26    God:    Gozag
Gold:   2139       SH:  5    Dex:  8    Spells: 23/32 levels left

rFire   . . .        v - +2 dagger (drain)
rCold   + . .        (no shield)
rNeg    + . .        F - +0 steam dragon scales
rPois   ∞            o - +0 hat of Luranakh {rC+ rCorr Str+2}
rElec   +            y - +0 cloak
rCorr   +            (no gloves)
SInv    .            a - +0 pair of boots
Will    .....        c - amulet of reflection
Stlth   +            r - +6 ring of intelligence
HPRegen 0.29/turn    g - ring of magical power
MPRegen 0.24/turn

%: reflection
@: contaminated, glowing
A: sickness immunity, AC +8, negative energy resistance 1, electricity
resistance, torment resistance 1, petrification resistance, clumsy 1, wild magic
1
a: Renounce Religion, Potion Petition, Call Merchant, Bribe Branch


You were on level 11 of the Dungeon.
You worshipped Gozag.
Gozag was most pleased with you.
You visited 2 branches of the dungeon, and saw 12 of its levels.

You collected 2437 gold pieces.
You spent 156 gold pieces at shops.
You paid 142 gold pieces to Gozag.

Inventory:

Hand Weapons
 v - a +2 dagger of draining (weapon)
Missiles
 K - a throwing net
Armour
 a - a +0 pair of boots (worn)
 o - the +0 hat of Luranakh (worn) {rC+ rCorr Str+2}
   (You acquired it on level 4 of the Dungeon)

   Str+2:     It affects your strength (+2).
   rC+:       It protects you from cold.
   rCorr:     It protects you from acid and corrosion.
 y - a +0 cloak (worn)
 F - +0 steam dragon scales (worn)
Jewellery
 c - an amulet of reflection (around neck)
 g - a ring of magical power (right hand)
 r - a +6 ring of intelligence (left hand)
Wands
 d - a wand of light (7)
 z - a wand of charming (8)
 B - a wand of iceblast (12)
 J - a wand of digging (10)
Scrolls
 e - 4 scrolls of fear
 h - a scroll of poison {unknown}
 i - 4 scrolls of teleportation
 l - a scroll of vulnerability
 s - 2 scrolls of fog
 w - a scroll of butterflies
 C - 2 scrolls of revelation
 D - a scroll of enchant weapon
 E - a scroll of amnesia
 H - 3 scrolls of identify
 I - a scroll of enchant armour {unknown}
Potions
 b - 2 potions of magic
 f - a potion of attraction
 j - a potion of enlightenment
 k - 4 potions of curing
 m - 2 potions of invisibility
 n - 3 potions of resistance
 p - 2 potions of lignification
 q - a potion of cancellation
 t - 3 potions of might
 u - 2 potions of heal wounds {unknown}
 x - a potion of haste
 A - 2 potions of brilliance {unknown}
 G - a potion of mutation {unknown}
 L - a potion of ambrosia {unknown}


   Skills:
 - Level 1.5 Dodging
 - Level 2.1 Stealth
 + Level 10.5 Spellcasting
 + Level 12.0 Conjurations
 + Level 13.4 Earth Magic


You had 23 spell levels left.
You knew the following spells:

 Your Spells              Type           Power      Damage    Failure   Level
a - Sandblast             Erth           100%       2d20      1%          1
b - Stone Arrow           Conj/Erth      100%       3d13      1%          3
c - Irradiate             Conj/Alch      27%        3d20      16%         5

Your spell library contained the following spells:

 Spells                   Type           Power      Damage    Failure   Level
 Passwall                 Erth           83%        N/A       1%          3
 Brom's Barrelling Bould  Conj/Erth      81%        2d9       1%          4
 Petrify                  Alch/Erth      59%        N/A       4%          4
 Iskenderun's Mystic Bla  Conj/Tloc      55%        2d12      6%          4
 Apportation              Tloc           34%        N/A       7%          1
 Ensorcelled Hibernation  Hex/Ice        34%        N/A       11%         2
 Jinxbite                 Hex            34%        N/A       11%         2
 Lesser Beckoning         Tloc           34%        N/A       11%         2
 Fugue of the Fallen      Necr           17%        N/A       19%         3
 Gell's Gravitas          Tloc           17%        N/A       19%         3
 Inner Flame              Hex/Fire       17%        N/A       19%         3
 Teleport Other           Tloc           17%        N/A       19%         3
 Tukima's Dance           Hex            17%        N/A       19%         3
 Anguish                  Hex/Necr       8%         N/A       50%         4
 Dimensional Bullseye     Hex/Tloc       8%         N/A       50%         4
 Alistair's Intoxication  Alch           11%        N/A       83%         5
 Yara's Violent Unravell  Hex/Alch       8%         3d5       83%         5
 Enfeeble                 Hex            8%         N/A       100%        7
 Ignition                 Fire           8%         3d5       100%        8
 Sublimation of Blood     Necr           Unusable   N/A       N/A         2

Dungeon Overview and Level Annotations

Branches:
Dungeon (11/15)            Temple (1/1) D:7            Lair (0/5) D:9
    Orc (0/2) D:10

Altars:
Ashenzari
Cheibriados
Dithmenos
Elyvilon
Fedhas
Gozag
Hepliaklqana
Kikubaaqudgha
Makhleb
Nemelex Xobeh
Okawaru
Qazlal
Ru
Sif Muna
Trog
Uskayaw
Vehumet
Wu Jian
Xom
Yredelemnul
Zin
The Shining One

Shops:
D:3 =   D:4 (   D:6 *   D:8 ([*(?

Portals:
Trove: D:10 (give 2 scrolls of acquirement)


Innate Abilities, Weirdness & Mutations

You are immune to sickness and miasma.
Your stone body is resilient. (AC +8)
You are immune to poison.
You resist negative energy. (rN+)
You are resistant to electric shocks. (rElec)
You are resistant to unholy torment.
You are immune to petrification.
You are clumsy. (Dex -2)
Your spells are a little harder to cast, but a little more powerful.


Message History

The air twists around and strikes you.
There is an open door here.
You start resting.
The wind drake flaps its wings at you. The air twists around and strikes you!
* * * LOW HITPOINT WARNING * * *
The wind drake bites you.
* * * LOW HITPOINT WARNING * * *
Casting: Sandblast (safe; 1% risk of failure)
Confirm with . or Enter, or press ? or * to list all spells.
You erupt in a fountain of uncontrolled magic!
The wind drake is blasted with magical radiation!
The wind drake is moderately wounded.
The wind drake twists and deforms.
You are very lightly contaminated with residual magic.
The wind drake closely misses you.
Casting: Irradiate (quite dangerous; 16% risk of failure)
Confirm with . or Enter, or press ? or * to list all spells.
You miscast Irradiate.
Energy rips through your body.
* * * LOW HITPOINT WARNING * * *
Casting: Irradiate (quite dangerous; 16% risk of failure)
Confirm with . or Enter, or press ? or * to list all spells.
You erupt in a fountain of uncontrolled magic!
The centaur warrior is blasted with magical radiation!
The centaur warrior is moderately wounded.
The centaur warrior twists and deforms.
You are lightly contaminated with residual magic.
The centaur warrior unwields a +2 heavy shortbow.
The centaur warrior wields a +0 dagger.
The centaur warrior barely misses you. The centaur warrior kicks you.
* * * LOW HITPOINT WARNING * * *
Casting: Irradiate (quite dangerous; 16% risk of failure)
Confirm with . or Enter, or press ? or * to list all spells.
You erupt in a fountain of uncontrolled magic!
The centaur warrior is blasted with magical radiation!!
The centaur warrior is severely wounded.
You are contaminated with residual magic.
The centaur warrior hits you with a +0 dagger.
You die...
Your body crumbles into a pile of gold.

######### ##########
#........ .........#
#........ .........#
#........
.........#####........
.........ck.##........
........@##.##).......
.........##.kc........
.........#####....c...
.........# #........
#+######## ####..###
.... ####


You could see a wind drake (repels missiles, misshapen) and a centaur warrior
(misshapen).

Vanquished Creatures
  A hydra (D:11)
  3 two-headed ogres
  Pikel (D:9)
  Jeremiah (D:9)
  Psyche (D:9)
  2 trolls
  A vampire (D:7)
  Sigmund (D:3)
  A shadow (D:11)
  A wyvern (D:9)
  19 yaks
  A wraith (D:6)
  A basilisk (D:11)
  2 steam dragons
  7 vampire mosquitoes (D:11)
  2 acid dragons (D:10)
  A water moccasin (D:5)
  2 sky beasts
  2 orc warriors
  2 black bears (D:6)
  An ice beast (D:6)
  5 centaurs
  An ogre (D:5)
  A lemure (D:9)
  2 kobold brigands
  2 scorpions (D:4)
  3 gnoll sergeants
  2 bullfrogs
  5 wights
  18 killer bees
  10 howler monkeys
  An electric eel (D:8)
  A bombardier beetle (D:3)
  2 hounds
  A gnoll bouda (D:7)
  6 orc priests
  4 jellies
  6 iguanas
  A sleepcap (D:7)
  Ijyb (D:4)
  14 orc wizards
  13 gnolls
  7 adders
  2 shadow imps
  3 white imps
  2 ufetubi (D:5)
  4 dart slugs
  A ribbon worm (D:2)
  18 orcs
  6 ball pythons
  3 bats
  3 endoplasms
  2 giant cockroaches
  10 goblins
  6 hobgoblins
  4 jackals (D:4)
  10 kobolds
  3 quokkas
  A frilled lizard (D:3)
  3 rats
240 creatures vanquished.

Vanquished Creatures (others)
  A shadow (D:11)
1 creature vanquished.

Grand Total: 241 creatures vanquished

Notes
Turn   | Place    | Note
-------+----------+-------------------------------------------
     0 | D:1      | CougarLife the Gargoyle Earth Elementalist began the quest
                  | for the Orb.
     0 | D:1      | Reached XP level 1. HP: 10/10 MP: 3/3
   151 | D:1      | Reached XP level 2. HP: 15/15 MP: 3/5
   530 | D:1      | Found a faded altar of an unknown god.
   536 | D:1      | Reached skill level 4 in Earth Magic
   832 | D:2      | Reached XP level 3. HP: 19/19 MP: 3/6
  1275 | D:2      | Reached XP level 4. HP: 18/24 MP: 2/8
  1479 | D:3      | Found Liokhle Ickau's Jewellery Boutique.
  1625 | D:3      | Reached XP level 5. HP: 23/28 MP: 6/9
  1692 | D:3      | Reached skill level 5 in Earth Magic
  1956 | D:3      | Noticed Sigmund
  1964 | D:3      | Killed Sigmund
  1965 | D:3      | Reached XP level 6. HP: 16/32 MP: 5/11
  2158 | D:3      | Found a basalt altar of Yredelemnul.
  2603 | D:3      | Identified a scroll of acquirement
  2651 | D:4      | Reached skill level 6 in Earth Magic
  2651 | D:4      | Reached XP level 7. HP: 36/36 MP: 6/13
  2760 | D:4      | Noticed Ijyb
  2770 | D:4      | Killed Ijyb
  2825 | D:4      | Learned a level 3 spell: Stone Arrow
  3006 | D:4      | Acquired the +0 hat of Luranakh {rC+ rCorr Str+2}
  3013 | D:4      | Reached skill level 5 in Conjurations
  3127 | D:4      | Found Yseregar's Weapon Shoppe.
  3418 | D:5      | Entered Level 5 of the Dungeon
  3692 | D:5      | Reached skill level 5 in Spellcasting
  3692 | D:5      | Reached skill level 7 in Earth Magic
  3692 | D:5      | Reached XP level 8. HP: 41/41 MP: 8/15
  4234 | D:6      | Reached skill level 8 in Earth Magic
  4479 | D:6      | Found Jemunusy's Elemental Accessories.
  4496 | D:6      | Reached XP level 9. HP: 45/45 MP: 15/18
  4644 | D:6      | Reached skill level 9 in Earth Magic
  5012 | D:6      | Found a bloodstained altar of Trog.
  5012 | D:6      | Found a sacrificial altar of Ru.
  5870 | D:7      | Found a staircase to the Ecumenical Temple.
  5872 | D:7      | Reached skill level 10 in Earth Magic
  5880 | Temple   | Entered the Ecumenical Temple
  5899 | Temple   | Became a worshipper of Gozag Ym Sagoz the Greedy
  5998 | D:7      | Acquired 796 gold pieces
  6358 | D:7      | Acquired a ring of magical power
  6663 | D:8      | Reached XP level 10. HP: 50/50 MP: 12/21
  7010 | D:8      | Noticed a two-headed ogre
  7018 | D:8      | Killed a two-headed ogre
  7019 | D:8      | Reached skill level 11 in Earth Magic
  7281 | D:8      | Found Tinur's Weapon Emporium.
  7283 | D:8      | Found Xyutoas's General Store.
  7286 | D:8      | Found Xoadaphe's Antique Weapon Boutique.
  7289 | D:8      | Found Fitol's Armour Shop.
  7292 | D:8      | Found Qanak's Magic Scroll Shoppe.
  7418 | D:8      | Bought a scroll of identify for 24 gold pieces
  7418 | D:8      | Bought a scroll of identify for 24 gold pieces
  7418 | D:8      | Bought a scroll of teleportation for 36 gold pieces
  7418 | D:8      | Bought a scroll of identify for 24 gold pieces
  7418 | D:8      | Bought a scroll of identify for 24 gold pieces
  7418 | D:8      | Bought a scroll of identify for 24 gold pieces
  7582 | D:8      | Identified the +10 shortbow of the Warrior-Mage {heavy,
                  | rN++}
  7824 | D:9      | Noticed Pikel
  7853 | D:9      | Killed Pikel
  7854 | D:9      | Reached skill level 10 in Conjurations
  7952 | D:9      | Noticed a two-headed ogre
  7964 | D:9      | Killed a two-headed ogre
  7965 | D:9      | Reached XP level 11. HP: 54/54 MP: 21/24
  8112 | D:9      | Reached skill level 12 in Earth Magic
  8161 | D:9      | Found a staircase to the Lair.
  8349 | D:9      | Noticed Jeremiah
  8361 | D:9      | Killed Jeremiah
  8421 | D:9      | Noticed Psyche
  8428 | D:9      | Killed Psyche
  9058 | D:10     | Entered Level 10 of the Dungeon
  9264 | D:10     | Found a staircase to the Orcish Mines.
  9344 | D:10     | Found a portal to a secret trove of treasure.
  9742 | D:10     | Found a white marble altar of Elyvilon.
  9742 | D:10     | Found a glowing silver altar of Zin.
  9742 | D:10     | Found a glowing golden altar of the Shining One.
  9917 | D:10     | Found an iron altar of Okawaru.
  9919 | D:10     | Found an ancient bone altar of Kikubaaqudgha.
  9919 | D:10     | Found a stormy altar of Qazlal.
  9921 | D:10     | Reached skill level 10 in Spellcasting
 10008 | D:10     | Learned a level 5 spell: Irradiate
 10019 | D:11     | Noticed a two-headed ogre
 10022 | D:11     | Killed a two-headed ogre
 10023 | D:11     | Reached skill level 13 in Earth Magic
 10209 | D:11     | Gained mutation: Your spells are a little harder to cast,
                  | but a little more powerful. [mutagenic glow]
 10381 | D:11     | Noticed a two-headed ogre
 10406 | D:11     | Gained mutation: You are clumsy. (Dex -2) [mutagenic glow]
 10497 | D:11     | Noticed an eight-headed hydra
 10505 | D:11     | Killed an eight-headed hydra
 10506 | D:11     | Reached XP level 12. HP: 42/59 MP: 7/26
 10645 | D:11     | Noticed a centaur warrior
 10658 | D:11     | HP: 1/59 [centaur warrior/+0 dagger (3)]
 10659 | D:11     | Slain by a centaur warrior

Illustrated notes

Levels and vault maps discovered:
D:1:      saegor_arrival_simple_d, layout_basic,
          ebering_ecumenical_altar_sacrificial
D:2:      layout_basic
D:3:      layout_rooms, mainiacjoe_overflow_concentric_impassable, serial_shops,
          nicolae_shop_statue_plus, uniq_sigmund
D:4:      layout_loops_ring, serial_shops, shop, st_stairs_13, uniq_ijyb
D:5:      layout_rooms
D:6:      layout_loops_ring, gammafunk_temple_overflow_elements,
          nicolae_elemental_shop
D:7:      layout_cave_pools, minmay_temple_entry_nine_rooms,
          hangedman_minor_gate_pass
D:8:      layout_rooms, hangedman_decor_growths,
          nicolae_shop_national_dungeon_mall
D:9:      layout_irregular_city, lair_entry_dummy, uniq_jeremiah, uniq_pikel,
          uniq_psyche
D:10:     layout_rooms, dreamdust_divine_triumvirate,
          grunt_temple_overflow_diamond, orc_0_dummy,
          nicolae_trove_entry_columns
D:11:     layout_roguey, minmay_shattered_shrine
Temple:   nicolae_temple_god_jail

Skill      XL: |  1  2  3  4  5  6  7  8  9 10 11 |
---------------+----------------------------------+-----
Earth Magic    | 4 5 6 7 8 10 11 13 | 13.4
Conjurations   | 2 3 4 5 7 8 10 12 | 12.0
Spellcasting   | 3 4 5 6 7 9 10 | 10.5
Dodging        | |  1.5
Stealth        | |  2.1

Action                     |  1- 3 |  4- 6 |  7- 9 | 10-12 || total
---------------------------+-------+-------+-------+-------++-------
  Melee: Unarmed           |     4 |       |       |       ||     4
         Dagger            |       |     1 |     2 |    18 ||    21
   Cast: Sandblast         |    34 |    55 |   107 |    90 ||   286
         Stone Arrow       |       |       |    29 |    99 ||   128
         Irradiate         |       |       |       |    16 ||    16
    Use: Scroll            |       |     7 |     9 |     8 ||    24
         Potion            |       |       |       |     1 ||     1
 Armour: Robe              |    18 |    25 |    49 |       ||    92
         Steam dragon scal |       |       |     6 |   138 ||   144
  Dodge: Dodged            |    17 |    20 |    26 |    85 ||   148
  Block: Other             |       |     2 |    13 |    42 ||    57
         Reflection        |       |     2 |     2 |     1 ||     5

Table legend: (Time is in decaauts)
 A = Elapsed time spent in this place.
 B = Non-inter-level travel time spent in this place.
 C = Inter-level travel time spent in this place.
 D = Time resting spent in this place.
 E = Time spent auto-exploring this place.
 F = Levels seen in this place.
 G = Mean time per level.
                   A        B        C        D        E       F      G
               +--------+--------+--------+--------+--------+-----+--------+
         Total |  10812 |  10525 |    287 |   3203 |   5433 |  12 |  901.0 |
       Dungeon |  10776 |  10523 |    253 |   3203 |   5433 |  11 |  979.6 |
        Temple |     36 |      2 |     34 |      0 |      0 |   1 |   36.0 |
               +--------+--------+--------+--------+--------+-----+--------+

Top non-repeatable levels by time:
     D:6: 1625 daAuts
     D:9: 1409 daAuts
     D:7: 1247 daAuts
     D:3: 1110 daAuts
     D:8: 970 daAuts
    D:10: 910 daAuts
     D:4: 808 daAuts
     D:1: 789 daAuts
     D:2: 766 daAuts
     D:5: 571 daAuts
    D:11: 565 daAuts
  Temple: 36 daAuts
